 Dungeon Crawl Stone Soup version 0.29-a0-330-g52719c12eb (webtiles) character file.

Game seed: 7170981040472903243

82708 Leszczynek the Cleaver (level 15, -3/118 HPs)
             Began as a Human Gladiator on Apr 13, 2022.
             Was a High Priest of Okawaru.
             Slain by a spriggan rider
             ... wielding a +0 spear
              (15 damage)
             ... on level 3 of the Swamp on Apr 14, 2022.
             The game lasted 01:23:18 (8528 turns).

Leszczynek the Cleaver (Human Gladiator)            Turns: 8528, Time: 01:23:18

Health: -3/118     AC: 32    Str: 20    XL:     15   Next: 75%
Magic:  17/22      EV: 17    Int:  8    God:    Okawaru [*****.]
Gold:   726        SH:  8    Dex: 24    Spells: 12/14 levels left

rFire   . . .      SeeInvis .   a - +7 broad axe (flame)
rCold   + . .      Faith    .   R - +0 buckler
rNeg    . . .      Spirit   .   q - +6 storm dragon scales of Grace {god gift, rElec rCorr Dex+3}
rPois   +          Reflect  .   H - +2 helmet of the Garden {Harm rCorr Int-2 Dex+6}
rElec   +          Harm     +   C - +1 cloak
rCorr   +          Rampage  .   (no gloves)
Will    +....                   L - +2 pair of boots
Stlth   ..........              v - amulet of regeneration
HPRegen 1.09/turn               M - ring of poison resistance
MPRegen 0.18/turn               b - ring of protection from cold

@: heroic, finesse-ful, slowed, very slow
A: no striking features
}: 1/15 runes: decaying
a: Renounce Religion, Heroism, Finesse, Duel


You were on level 3 of the Swamp.
You worshipped Okawaru.
Okawaru was extremely pleased with you.
You visited 5 branches of the dungeon, and saw 26 of its levels.
You also visited: Sewer, Ossuary and Bailey.

You collected 1794 gold pieces.
You spent 1068 gold pieces at shops.

Inventory:

Hand Weapons
 a - a +7 broad axe of flaming (weapon)
 G - a +5 long sword
Missiles
 c - 2 silver javelins {god gift}
 d - 2 throwing nets
 g - a javelin
 E - 3 datura-tipped darts {god gift}
 F - 16 boomerangs (quivered)
 W - 3 silver boomerangs
 Z - 4 curare-tipped darts
Armour
 q - the +6 storm dragon scales of Grace (worn) {god gift, rElec rCorr Dex+3}
   (Okawaru gifted it to you on level 11 of the Dungeon)

   Dex:       It affects your dexterity (+3).
   rElec:     It insulates you from electricity.
   rCorr:     It protects you from acid and corrosion.
 C - a +1 cloak (worn)
 H - the +2 helmet of the Garden (worn) {Harm rCorr Int-2 Dex+6}
   (You found it on level 5 of the Dungeon)

   Int:       It affects your intelligence (-2).
   Dex:       It affects your dexterity (+6).
   rCorr:     It protects you from acid and corrosion.
   Harm:      It increases damage dealt and taken.
 L - a +2 pair of boots (worn)
 N - a +2 helmet
 R - a +0 buckler (worn)
Jewellery
 b - a ring of protection from cold (right hand)
 v - an amulet of regeneration (around neck)
 M - a ring of poison resistance (left hand)
 Q - a ring of willpower
 U - a ring of see invisible
 V - a ring of fire
 Y - the amulet of the Four Winds {rN+ Will+++ Clar}
   (You found it on level 3 of the Lair of Beasts)

   [amulet of nothing]

   rN:        It protects you from negative energy.
   Clar:      It protects you against confusion.
   Will:      It greatly increases your willpower.
Wands
 i - a wand of flame (36)
 I - a wand of acid (8)
 K - a wand of polymorph (9)
 O - a wand of digging (6)
Scrolls
 f - 8 scrolls of teleportation
 h - 3 scrolls of amnesia
 j - a scroll of silence {!r}
 n - 3 scrolls of magic mapping
 o - 3 scrolls of vulnerability {!r}
 r - 5 scrolls of fog
 s - 3 scrolls of brand weapon
 y - 4 scrolls of blinking
 A - a scroll of holy word {!r}
 D - 2 scrolls of fear
Potions
 k - 7 potions of magic
 l - a potion of resistance {unknown}
 m - a potion of curing {@q1}
 p - a potion of ambrosia {unknown}
 t - a potion of invisibility
 u - a potion of flight {unknown}
 w - a potion of berserk rage {!q}
 x - 2 potions of heal wounds {@q2}
 z - 3 potions of might
 B - 3 potions of mutation {!q}
 P - 2 potions of brilliance
 S - a potion of cancellation
 T - 3 potions of haste
 X - a potion of lignification {!q}


   Skills:
 - Level 11.0(16.0) Fighting
 * Level 13.8(18.8) Axes
 - Level 10.0(15.0) Throwing
 - Level 8.7(13.7) Armour
 - Level 8.7(13.7) Dodging
 - Level 5.0(10.0) Shields
 + Level 4.9 Transmutations
 + Level 4.8 Earth Magic
 + Level 9.6 Invocations
 - Level 8.0 Evocations


You had 12 spell levels left.
You knew the following spells:

 Your Spells              Type           Power      Damage    Failure   Level
a - Passwall              Tmut/Erth      5%         N/A       54%         2

Your spell library contained the following spells:

 Spells                   Type           Power      Damage    Failure   Level
 Magic Dart               Conj           0%         1d3       97%         1
 Pain                     Necr           0%         1d4       97%         1
 Slow                     Hex            0%         N/A       97%         1
 Corpse Rot               Necr/Air       0%         N/A       99%         2
 Ensorcelled Hibernation  Hex/Ice        0%         N/A       99%         2
 Poisonous Vapours        Pois/Air       0%         N/A       99%         2
 Confusing Touch          Hex            0%         N/A       100%        3
 Conjure Flame            Conj/Fire      0%         6-21      100%        3
 Frozen Ramparts          Ice            0%         1d2       100%        3
 Mephitic Cloud           Conj/Pois/Air  0%         N/A       100%        3
 Ozocubu's Armour         Ice            0%         N/A       100%        3
 Swiftness                Air            0%         N/A       100%        3
 Vampiric Draining        Necr           0%         2d6       100%        3
 Ice Form                 Ice/Tmut       3%         N/A       100%        4
 Passage of Golubria      Tloc           0%         N/A       100%        4
 Metabolic Englaciation   Hex/Ice        0%         N/A       100%        5
 Yara's Violent Unravell  Hex/Tmut       1%         3d3       100%        5
 Orb of Destruction       Conj           0%         9d5       100%        7
 Storm Form               Tmut/Air       1%         N/A       100%        7
 Maxwell's Capacitive Co  Air            0%         ∞         100%        8
 Animate Skeleton         Necr           Unusable   N/A       N/A         1
 Call Imp                 Summ           Unusable   N/A       N/A         2
 Summon Guardian Golem    Hex/Summ       Unusable   N/A       N/A         3
 Tukima's Dance           Hex            Unusable   N/A       N/A         3
 Summon Ice Beast         Ice/Summ       Unusable   N/A       N/A         4
 Summon Lightning Spire   Summ/Air       Unusable   N/A       N/A         4
 Simulacrum               Ice/Necr       Unusable   N/A       N/A         6
 Spellforged Servitor     Conj/Summ      Unusable   N/A       N/A         7

Dungeon Overview and Level Annotations

Branches:
Dungeon (14/15)            Temple (1/1) D:4            Lair (5/6) D:10
  Swamp (4/4) Lair:3       Spider (0/4) Lair:3          Orc (2/2) D:11
    Elf (0/3) Orc:2         Sewer (visited)         Ossuary (visited)
 Bailey (visited)
  Slime: Lair:5-6    Vaults: D:13-14

Altars:
Ashenzari
Cheibriados
Elyvilon
Fedhas
Gozag
Makhleb
Nemelex Xobeh
Okawaru
Sif Muna
Trog
Uskayaw
Xom
Zin
The Shining One

Shops:
D:7 (   D:9 [   D:11 :*!?   Orc:2 (=[*

Annotations:
D:2 Sigmund
D:4 Grinder
D:13 Snorg
Lair:3 spider


Message History

The spriggan rider barely misses you.
The spriggan rider hits you with a +0 spear!
The spriggan rider hits you but does no damage.
You barely miss the spriggan rider.
The spriggan rider is almost dead.
The spriggan rider barely misses you. The spriggan rider closely misses you.
The spriggan rider attacks as you move away!
The spriggan rider hits you with a +0 spear!
The spriggan rider hits you but does no damage.
The spriggan rider throws a curare-tipped dart.
The curare-tipped dart hits you.
You have difficulty breathing.
You feel yourself slow down.
You can now deal lightning-fast blows.
The spriggan rider hits you from afar with a +0 spear.
The spriggan rider barely misses you.
The spriggan rider hits you from afar with a +0 spear!
The spriggan rider hits you but does no damage.
You hit the swamp worm. You burn the swamp worm.
The swamp worm is lightly wounded.
You hit the spriggan rider. You burn the spriggan rider.
The spriggan rider hits you with a +0 spear.
* * * LOW HITPOINT WARNING * * *
The spriggan rider hits you from afar with a +0 spear!
* * * LOW HITPOINT WARNING * * *
You block the spriggan rider's attack.
Unknown command.
Unknown command.
Unknown command.
Unknown command.
As you read the scroll of fear, it crumbles to dust.
You assume a fearsome visage.
The spriggan rider resists with almost no effort.
The spriggan rider resists with some effort.
The spriggan rider resists with almost no effort.
The spriggan rider looks frightened!
The swamp worm looks frightened!
You block the spriggan rider's attack.
The spriggan rider throws a curare-tipped dart.
The curare-tipped dart misses you.
The spriggan rider hits you from afar with a +0 spear!
You die...

♣♣♣ ♣♣≈....... ♣♣♣♣.≈≈≈≈≈≈≈≈
♣♣≈...≈≈≈≈≈≈≈≈ ♣♣.........≈..≈
♣♣ ♣♣♣≈≈§≈§≈≈.≈..(.? ..!
♣♣♣♣♣..§≈≈§≈≈≈≈..≈≈.[
.≈≈≈♣≈§♣@..≈≈§≈≈≈≈.^≈≈≈.≈
≈≈≈.≈≈i.i...≈≈≈.≈.>≈≈≈..≈
.≈≈≈≈≈....≈≈≈i≈w.≈≈.≈♣≈..≈.≈≈≈≈≈
≈≈≈≈≈≈§♣♣≈.≈≈≈≈≈≈≈≈.♣♣♣§..≈≈≈≈≈≈
≈≈≈≈≈...≈..≈i≈≈≈§≈.♣♣♣.....≈≈≈≈.
≈≈≈≈≈≈≈≈≈≈.≈§.♣≈.....♣.....≈§≈≈≈
≈≈.≈≈≈≈≈≈≈..♣...≈.≈≈≈.≈..≈≈≈≈≈≈≈
.≈≈.≈≈≈≈≈..♣♣..§≈.≈≈≈≈§.≈≈≈≈.≈.≈
♣≈≈≈≈≈♣≈♣♣♣♣...≈≈..§≈≈≈≈≈..≈♣♣


You could see 4 spriggan riders and a swamp worm (fleeing).

Vanquished Creatures
  2 orc warlords
  A very ugly thing (Swamp:4)
  An eleionoma (Swamp:2)
  A green death (Swamp:4)
  7 hydras
  A great orb of eyes (Swamp:4)
  2 hell beasts (Swamp:4)
  The ghost of Izit the Thaumaturge, a journeyman DECj of Kikubaaqudgha (Lair:3)
  A catoblepas (Lair:2)
  2 two-headed ogres
  3 orc high priests (Orc:2)
  7 alligators
  A tengu warrior (D:13)
  7 spriggans
  4 goliath frogs
  A spriggan druid (Swamp:2)
  6 bog bodies
  Pikel (D:8)
  4 swamp dragons (Swamp:4)
  3 orc knights (Orc:2)
  6 orc sorcerers
  2 manticores
  2 cyclopes
  3 will-o-the-wisps
  2 large abominations (Swamp:4)
  6 ugly things
  A black mamba (Lair:2)
  Joseph (D:8)
  6 elephants (Lair:2)
  A gargoyle (D:13)
  An orange demon (Swamp:4)
  2 cane toads
  A rime drake (Lair:2)
  An unseen horror (D:11)
  A tengu conjurer (D:13)
  A kobold demonologist (D:11)
  3 komodo dragons
  4 trolls
  3 polar bears
  2 bloated husks (Swamp:2)
  6 tyrant leeches
  7 hornets
  7 slime creatures (Swamp:4)
  3 blink frogs (Lair:4)
  2 vampires
  4 shadows
  2 wraiths
  A jumping spider (Lair:3)
  11 yaks
  A wyvern (D:10)
  Eustachio (D:3)
  3 basilisks
  4 vampire mosquitoes
  A steam dragon (D:9)
  9 swamp worms
  3 acid dragons
  7 water moccasins
  2 small abominations (Swamp:4)
  25 orc warriors
  3 swamp drakes
  4 black bears
  3 ice beasts
  2 sky beasts
  9 ogres
  10 wolves
  10 centaurs
  A phantom (D:6)
  A lemure (D:8)
  2 necrophages (D:5)
  8 bullfrogs
  A gnoll sergeant (D:10)
  A scorpion (D:5)
  17 wights
  16 killer bees
  3 howler monkeys
  2 hounds
  2 jellies
  22 orc priests
  4 iguanas
  20 orc wizards
  A hell rat (Sewer)
  A mummy (Ossuary)
  Robin (D:4)
  15 gnolls
  2 river rats (Sewer)
  3 adders
  An ufetubus (D:5)
  A worm (D:3)
  A dart slug (D:1)
  47 orcs
  3 spectral bats (Ossuary)
  4 ball pythons
  4 bats
  3 endoplasms
  5 giant cockroaches
  18 goblins
  7 hobgoblins
  4 quokkas
  9 bat simulacra (Ossuary)
  12 gnoll zombies (Ossuary)
  2 goblin simulacra (Ossuary)
  5 goblin zombies (Ossuary)
  3 hobgoblin zombies (Ossuary)
  13 kobolds
  2 kobold simulacra (Ossuary)
  6 kobold zombies (Ossuary)
  4 orc zombies (Ossuary)
  9 rats
  2 rat simulacra (Ossuary)
  8 spectral goblins (Ossuary)
  4 spectral kobolds (Ossuary)
  A spectral rat (Ossuary)
546 creatures vanquished.

Vanquished Creatures (others)
  A spriggan (Swamp:2)
  A bloated husk (Swamp:2)
  A hornet (Swamp:2)
  8 foxfires
  10 fungi
  11 plants
32 creatures vanquished.

Grand Total: 578 creatures vanquished

Notes
Turn   | Place    | Note
-------+----------+-------------------------------------------
     0 | D:1      | Leszczynek the Human Gladiator began the quest for the Orb.
     0 | D:1      | Reached XP level 1. HP: 16/16 MP: 1/1
    85 | D:1      | Reached XP level 2. HP: 14/22 MP: 2/2
   176 | D:2      | Reached XP level 3. HP: 18/28 MP: 3/3
   188 | D:2      | Noticed Sigmund
   243 | D:2      | HP: 2/28 [quokka (4)]
   248 | D:2      | deadly quokka
   248 | D:2      | not even sigmund dealt this much damage
   248 | D:2      | :^)
   673 | D:3      | Found a glowing drain.
   689 | Sewer    | Entered a sewer
   699 | Sewer    | Reached XP level 4. HP: 15/34 MP: 4/4
   763 | Sewer    | Reached skill level 3 in Fighting
   828 | D:4      | Noticed Grinder
   836 | D:3      | Reached skill level 4 in Axes
   836 | D:3      | Reached XP level 5. HP: 24/41 MP: 5/5
   972 | D:4      | Found a sand-covered staircase.
  1010 | D:5      | Entered Level 5 of the Dungeon
  1118 | D:4      | Noticed Robin
  1139 | D:4      | Killed Robin
  1178 | D:4      | Reached XP level 6. HP: 37/47 MP: 6/6
  1203 | Ossuary  | Entered an ossuary
  1302 | Ossuary  | Reached skill level 3 in Throwing
  1632 | D:4      | Reached skill level 4 in Fighting
  1648 | D:4      | Found a glowing silver altar of Zin.
  1659 | D:4      | Found a staircase to the Ecumenical Temple.
  1664 | Temple   | Entered the Ecumenical Temple
  1694 | Temple   | Became a worshipper of Warmaster Okawaru
  1743 | D:4      | Noticed Eustachio
  1838 | D:3      | HP: 14/72 [Eustachio/+0 falchion (8)]
  1841 | D:3      | Killed Eustachio
  1842 | D:3      | Reached skill level 5 in Axes
  1842 | D:3      | Reached skill level 4 in Dodging
  1842 | D:3      | Reached XP level 7. HP: 11/55 MP: 7/7
  1940 | D:5      | Found a broken altar of Ashenzari.
  1992 | D:5      | Identified the +2 helmet of the Garden {Harm rCorr Int-2
                  | Dex+6}
  1993 | D:5      | hmmmmmmmmmmmmmmmmmmm
  2048 | D:5      | Reached * piety under Okawaru
  2105 | D:5      | Reached skill level 5 in Fighting
  2105 | D:5      | Reached XP level 8. HP: 62/62 MP: 8/8
  2149 | D:5      | Reached skill level 1 in Invocations
  2234 | D:5      | Reached skill level 4 in Throwing
  2274 | D:5      | Reached skill level 6 in Axes
  2426 | D:6      | Reached skill level 2 in Invocations
  2462 | D:7      | Found Cuockuironn's Hydra Hut.
  2470 | D:7      | Noticed a seven-headed hydra
  2488 | D:7      | Reached ** piety under Okawaru
  2489 | D:7      | Reached skill level 6 in Fighting
  2493 | D:7      | >hydra hut
  2493 | D:7      | amazing shop, more please
  2556 | D:7      | Reached skill level 5 in Dodging
  2582 | D:7      | Reached XP level 9. HP: 60/69 MP: 7/11
  2640 | D:7      | Bought a +2 broad axe of flaming for 230 gold pieces
  2706 | D:7      | Found a flagged portal.
  2723 | Bailey   | Entered a bailey
  2728 | Bailey   | Noticed an orc warlord
  2783 | Bailey   | Reached skill level 3 in Invocations
  2790 | Bailey   | Reached skill level 7 in Axes
  2901 | Bailey   | Found a runed translucent gate.
  2903 | Bailey   | Found a runed translucent gate.
  2905 | Bailey   | Found a runed translucent gate.
  2967 | Bailey   | Killed an orc warlord
  2967 | Bailey   | Reached *** piety under Okawaru
  2968 | Bailey   | Reached skill level 7 in Fighting
  2968 | Bailey   | Reached skill level 8 in Axes
  2968 | Bailey   | Reached skill level 4 in Invocations
  3003 | Bailey   | Reached skill level 8 in Throwing
  3003 | Bailey   | Reached skill level 7 in Evocations
  3003 | Bailey   | Reached XP level 10. HP: 79/79 MP: 13/13
  3071 | D:7      | Reached XP level 11. HP: 67/85 MP: 14/14
  3094 | D:6      | Found a hide-covered altar of Uskayaw.
  3127 | D:6      | Learned a level 2 spell: Passwall
  3141 | D:6      | Reached skill level 6 in Dodging
  3240 | D:8      | what the fuuuck
  3240 | D:8      | 60 hp in 2 turns
  3358 | D:7      | Reached skill level 8 in Fighting
  3413 | D:8      | Noticed Joseph
  3424 | D:8      | Killed Joseph
  3439 | D:8      | Reached **** piety under Okawaru
  3476 | D:8      | Noticed Pikel
  3484 | D:8      | Killed Pikel
  3485 | D:8      | Reached skill level 5 in Invocations
  3559 | D:7      | Found a burning altar of Makhleb.
  3625 | D:9      | Noticed a two-headed ogre
  3631 | D:9      | HP: 17/87 [two-headed ogre/+0 giant club (32)]
  3635 | D:9      | Killed a two-headed ogre
  3636 | D:9      | Reached skill level 9 in Axes
  3640 | D:9      | wtf are these lucky hits
  3676 | D:9      | Found Tiadwub's Antique Armour Emporium.
  3745 | D:9      | Received a gift from Okawaru
  3832 | D:10     | Entered Level 10 of the Dungeon
  3842 | D:10     | Found a staircase to the Lair.
  3882 | D:10     | Found a snail-covered altar of Cheibriados.
  3893 | D:10     | Reached skill level 9 in Fighting
  3984 | D:10     | Found an opulent altar of Gozag.
  4007 | D:10     | Found a bloodstained altar of Trog.
  4107 | D:11     | Noticed a cyan ugly thing
  4122 | D:11     | Killed a cyan ugly thing
  4123 | D:11     | Reached skill level 7 in Dodging
  4123 | D:11     | Reached XP level 12. HP: 95/95 MP: 13/16
  4143 | D:11     | Found a staircase to the Orcish Mines.
  4154 | D:11     | these fucking stairs
  4154 | D:11     | lair and orc both
  4154 | D:11     | i was just lucky to stumble upon them fast
  4154 | D:11     | that could be +2k turns
  4162 | D:11     | Found Hompateq's Assorted Antiques.
  4163 | D:11     | Found Igefucs's Book Boutique.
  4169 | D:11     | Bought a scroll of teleportation for 81 gold pieces
  4169 | D:11     | Bought a coppery potion for 24 gold pieces
  4169 | D:11     | Bought 2 viscous black potions for 48 gold pieces
  4214 | D:10     | Found a sparkling altar of Nemelex Xobeh.
  4245 | D:11     | Reached ***** piety under Okawaru
  4325 | D:11     | Reached skill level 6 in Invocations
  4339 | D:11     | Reached skill level 10 in Axes
  4343 | D:11     | Found Aczisim's Distillery.
  4468 | D:11     | Ouch! That really hurt!
  4471 | D:11     | >
  4471 | D:11     | max range cyclops, on sight
  4471 | D:11     | maybe i should stop playing for now, rng is crazy
  4495 | Orc:1    | Entered Level 1 of the Orcish Mines
  4496 | Orc:1    | Noticed a two-headed ogre
  4499 | D:11     | Identified the +6 storm dragon scales of Grace {god gift,
                  | rElec rCorr Dex+3} (Okawaru gifted it to you on level 11 of
                  | the Dungeon)
  4499 | D:11     | Received a gift from Okawaru
  4502 | D:11     | !!!!!!!!
  4505 | D:11     | Ouch! That really hurt!
  4506 | D:11     | !!!!!!!!!!
  4506 | D:11     | CYCLOPS
  4513 | D:11     | Reached skill level 1 in Armour
  4514 | D:11     | with this crazy rng i'm not sure if i want to try orc, and
                  | there's a sorcerer and 2ho very close to stairs
  4555 | D:11     | Reached skill level 2 in Armour
  4600 | D:11     | Found Zuuxojan's Magic Scroll Shoppe.
  4608 | D:11     | Bought a scroll of teleportation for 33 gold pieces
  4729 | D:12     | Reached skill level 3 in Armour
  4730 | D:12     | You fall into a shaft and drop 1 floor!
  4734 | D:13     | Noticed Snorg
  4839 | D:13     | Reached skill level 4 in Armour
  4947 | D:13     | Noticed a tengu warrior
  4966 | D:13     | Killed a tengu warrior
  4967 | D:13     | Reached skill level 5 in Armour
  4994 | D:12     | Reached skill level 1 in Shields
  5027 | D:12     | Reached skill level 2 in Shields
  5111 | D:11     | Bought a scroll labelled BYKAWUCSANIU for 27 gold pieces
  5111 | D:11     | Bought a lumpy dark potion for 24 gold pieces
  5154 | D:11     | Bought a scroll of identify for 22 gold pieces
  5154 | D:11     | Bought 3 scrolls of identify for 66 gold pieces
  5154 | D:11     | Bought a scroll of teleportation for 33 gold pieces
  5218 | Lair:1   | Entered Level 1 of the Lair of Beasts
  5329 | Orc:1    | Paralysed by an orc sorcerer for 6 turns
  5341 | Orc:1    | Reached skill level 6 in Armour
  5341 | Orc:1    | Reached skill level 3 in Shields
  5341 | Orc:1    | this is EXACTLY what i was talking about
  5352 | D:11     | i would be dead in that ring mail already
  5388 | Orc:1    | Killed a two-headed ogre
  5392 | Orc:1    | Reached skill level 4 in Shields
  5392 | Orc:1    | Reached XP level 13. HP: 76/103 MP: 15/17
  5408 | Orc:1    | oh, you can throw at yourself? XD
  5408 | Orc:1    | can you kill yourself too?
  5468 | Orc:2    | Entered Level 2 of the Orcish Mines
  5468 | Orc:2    | Found a staircase to the Elven Halls.
  5571 | Orc:2    | Reached skill level 5 in Shields
  5616 | Orc:2    | Reached skill level 7 in Armour
  5696 | Orc:2    | a bit close
  5707 | Orc:2    | Paralysed by an orc sorcerer for 2 turns
  5725 | Orc:2    | Identified the +4 hand axe of Zyompenuo {god gift, venom,
                  | rElec Dex+4} (Okawaru gifted it to you on level 2 of the
                  | Orcish Mines)
  5725 | Orc:2    | Received a gift from Okawaru
  5800 | Orc:2    | Reached skill level 10 in Fighting
  5820 | Orc:2    | Reached skill level 7 in Invocations
  5848 | Orc:2    | Noticed an orc warlord
  5860 | Orc:2    | Killed an orc warlord
  5945 | Orc:2    | Paralysed by an orc sorcerer for 3 turns
  5953 | Orc:2    | Found Ysmid's General Store.
  5972 | Orc:2    | Found Rawoggih's Jewellery Shop.
  5974 | Orc:2    | Found Ding's Antique Armour Shop.
  5974 | Orc:2    | Found Peuliwef's Antique Weapon Boutique.
  5990 | Orc:2    | Bought a ring of willpower for 375 gold pieces
  6132 | Orc:2    | Bought a scroll of enchant weapon for 105 gold pieces
  6383 | Lair:2   | Received a gift from Okawaru
  6530 | Lair:2   | Reached skill level 11 in Axes
  6602 | Lair:2   | Reached skill level 8 in Dodging
  6604 | Lair:2   | Reached skill level 8 in Armour
  6631 | Lair:2   | Reached skill level 8 in Invocations
  6633 | Lair:2   | Received a gift from Okawaru
  6640 | Lair:2   | Reached skill level 8 in Evocations
  6640 | Lair:2   | Reached XP level 14. HP: 66/111 MP: 20/20
  6783 | Lair:2   | Identified the +1 leather armour of the Lair of Beasts
                  | {Harm}
  6855 | Lair:3   | Found a hole to the Spider Nest.
  6882 | Lair:3   | Found a runed translucent gate.
  6883 | Lair:3   | Found a runed translucent gate.
  6883 | Lair:3   | Noticed Izit's ghost (journeyman DECj)
  6884 | Lair:3   | Found a runed translucent gate.
  6903 | Lair:3   | Killed Izit's ghost
  6945 | Lair:3   | Found a staircase to the Swamp.
  6995 | Lair:3   | Found the amulet of the Four Winds {rN+ Will+++ Clar}
  7006 | Lair:3   | well if i only had a different regen source...
  7181 | Lair:4   | Received a gift from Okawaru
  7187 | Lair:4   | Reached skill level 12 in Axes
  7196 | Lair:4   | aand rpois, we're done
  7300 | Swamp:1  | Entered Level 1 of the Swamp
  7476 | Swamp:1  | Reached skill level 11 in Fighting
  7486 | Swamp:1  | Reached skill level 1 in Transmutations
  7486 | Swamp:1  | Reached skill level 1 in Earth Magic
  7490 | Swamp:1  | Reached skill level 9 in Throwing
  7600 | Swamp:1  | Identified the +0 hat of the Morning Star {god gift, Int+7}
                  | (Okawaru gifted it to you on level 1 of the Swamp)
  7600 | Swamp:1  | Received a gift from Okawaru
  7611 | Swamp:1  | Reached ****** piety under Okawaru
  7612 | Swamp:1  | Reached skill level 2 in Transmutations
  7623 | Swamp:1  | Reached skill level 2 in Earth Magic
  7686 | Swamp:2  | Noticed an eleionoma
  7693 | Swamp:2  | Killed an eleionoma
  7699 | Swamp:2  | Reached XP level 15. HP: 69/118 MP: 21/21
  7747 | Swamp:2  | Reached skill level 3 in Transmutations
  7770 | Swamp:2  | HP: 23/118 [spriggan rider/+0 spear (4)]
  7776 | Swamp:2  | Reached skill level 3 in Earth Magic
  7831 | Swamp:2  | Got Ehul's Catalogue of the Oath and Heat
  7869 | Swamp:2  | really?
  7871 | Swamp:2  | harm doing work huh
  7961 | Swamp:3  | Reached skill level 13 in Axes
  8051 | Swamp:4  | Entered Level 4 of the Swamp
  8086 | Swamp:4  | Reached skill level 9 in Invocations
  8168 | Swamp:4  | Identified the +5 chain mail of Duph {god gift, Rampage rC+
                  | Dex+2} (Okawaru gifted it to you on level 4 of the Swamp)
  8168 | Swamp:4  | Received a gift from Okawaru
  8176 | Swamp:4  | Noticed a brown very ugly thing
  8188 | Swamp:4  | Killed a brown very ugly thing
  8194 | Swamp:4  | Reached skill level 4 in Transmutations
  8201 | Swamp:4  | Reached skill level 4 in Earth Magic
  8334 | Swamp:4  | Reached skill level 10 in Throwing
  8420 | Swamp:4  | Got a decaying rune of Zot
  8527 | Swamp:3  | HP: 11/118 [spriggan rider/+0 spear (16)]
  8528 | Swamp:3  | Slain by a spriggan rider

Illustrated notes ..#.. ...? #.. ##.##..######### ........)......#####..# .############........# ## #..#####..# .. ######..######.. # .........@....... .######........## #.######.# #.# #.# #.# #.# .. #. Turn 248 on D:2: deadly quokka #.##.##...# ##.#...#...## ....._......# ##### ...#...#.##.# #...# # ...##.##.##.# #...#.# .........##.###...#.## ......#####..........### ..^.†.########.......... ###........# #..@......! #...####.# #......#.## ##.## ....#.#.#.# #.# ##.##.#.#.#.# #.# #. # #.#.# #.# # #.#.# ####.###### #.#.# <........... #.#. #####.##.### Turn 1993 on D:5: hmmmmmmmmmmmmmmmmmmm ..# . #.... ##### .# #.$#.#≈PD# .# #...#...#..# #..#####..# #.......# ####...@...# #..........# #.......#### ##......?## ##....#..## ##....#..## ###..##..## ##. ##..### ##.##....# Turn 2493 on D:7: >hydra hut .. .# .### # ..### #.# #####.).####.# ##.....^.....# #...........# ##.......@..# #...........# #...........# #.......<...# ##......##### ######## Turn 3240 on D:8: what the fuuuck ##........###...# #.>........#.### #............# ..............# #.#...........# ## # ##..........##... ##.........)..# #..........### #......@..## #.........# #.........# #........!# ...........# .##.......## ##.....## #.##### Turn 3640 on D:9: wtf are these lucky hits #####.# #.## #.# ##.# #.### ##.... #### #..... ### ####..# #..... #@###.....###..... #.##.......#..#... #..........#..#... . ###............... ....###........####... ...........[...## ##.. ....####........# #.. .. #........# #.. #........# ##. Turn 4154 on D:11: these fucking stairs #########..# #..#..# #...)......# #..#... # #.########.## # #.# #..# # #.# ##.## ####.# ##.# .#...# #.## #.#..# ##.# ...#.# #@## .∩..## ##.# ...#.## #.# #.#...# ##.# .#....# ..# .###..# #.# .....## .. #.#### #.# #.## .. Turn 4471 on D:11: > )..#......## #####.# ..##.....## #.## #.###...## #.# #.###..## ##.# ...##### #.### ..#..## ##.... .###..##### #### #..... ##8...8...### ### ####..# #..... #..........####@###.....###..... #..>.........##[##.......#..#... #.............#..........#..#... #8...∩...8....###............... ##............###........####... ###.....<.............[...## ##.. .^......[......####........# #.. ......8...8....# #........# #.. ....#####......# #........# ##. Turn 4502 on D:11: !!!!!!!! ..##.....## #.## #.###...## #.# #.###..## ##.# ...##### #.### ..#..## ##.... .###..##### #### #..... ##8...8...### ### ####..# #..... #..........####>###.....###..... #..>.........##@##.......#..#... #.............#..........#..#... #8...∩...8....###............... ##............###........####... ###.....<.............[...## ##.. .^......[......####........# #.. ......8...8....# #...C....# #.. ....#####......# #........# ##. ##### ##'#..## ##..###..## ## Turn 4506 on D:11: !!!!!!!!!!

###..## ##.# .##### #.##### #..##
##.....# ##..##### #### #.......
8...8...### ### ####..# #.......
..........####>###.....###.......
..>.........##[##.......#..#.....
.............#..........#..#.....
8...∩...8....###@................
#............###........####.....
#.....<.............[...## ##....
......[......####........# #....
....8...8....# #........# #....
..#####......# #........# ##...
### ##'#..## ##..###..## ##..
#∩#...# #### ##..# ### #†#...#
##.## #


Turn 4514 on D:11: with this crazy rng i'm not sure if i want to try orc, and
there's a sorcerer and 2ho very close to stairs ##. #.... #.. .... #.. #..O#
##.. ....##. ###$.. ....... ##..... ....... #......#....... #@..T..O.
#......)...... #......$....... ##.##.#........ # ........#.# ##..O....# . #
...#§## ##O#... Turn 5341 on Orc:1: this is EXACTLY what i was talking about
###...## #.# ###..## ##.# .##### #.##### #..## ##.....# ##..##### #### #.......
8...8...### ### ####..# #....... ...÷......####>###.....###.......
..>.........##[##.......#..#..... .............#..@.......#..#.....
8...∩...8....###(................ #............###........####.....
#.....<.............[.).## ##.... ......[......####........# #....
....8...8....# #........# #.... ..#####......# #........# ##... ### ##'#..##
##..###..## ##.. #∩#...# #### ##..# ### Turn 5352 on D:11: i would be dead in
that ring mail already #... ..... #...#...# . ##..#....##.. ###$...........
##.............. #......#........ ##...##<)....... ##......[.......
#......@........ ##.##.#......... # #........#.#. ##.......# .. ##...#.## .
##.#... ####$.. ... ##.. Turn 5408 on Orc:1: oh, you can throw at yourself? XD
##...).........## ###..)........# ####))...)).## . ##..)))...)..# .#
####)...)..).)..## ..##.#.......).)....### o........)..))§.......##
............)#.........# ......).....##..@....... ......o....####..§......
.##....4.....#.......... . ###........#......#..# #.........#......# ##
#..........#....### ##.#.............# ##...#...........# ##.##.........$.# Turn
5696 on Orc:2: a bit close . .... ..### .. . #... #..#.##. ...#. ....P..##...
##### #....##...P..!#..# #.≈≈# ..........##.....##♣...♣ #..........$.....#......
#................#♣=.).. #.@#...##...#...... ###.....!#...##.....
#.PP.P#.P......##''†# ....................... ...l.>.................
.#..............##..... ....>....##.....#..#### $....P...#..........
...P.#.#.##........## Turn 7006 on Lair:3: well if i only had a different regen
source... ........... ## .. ........... #.### # .# ............ ##....
.##.##..#......... .P.?..# ##.....# #P........ .......##P.....# ###..##P..
.............# ### #... ........†....## #... ......†...@...# ###.
..........>..## .$ #.............# #.............# #.#......#....# #
#....#####..# ##... #..# .... ..# #. ### Turn 7196 on Lair:4: aand rpois, we're
done ♣≈≈≈≈≈≈.≈.≈.≈≈≈.♣ ♣.≈.≈♣≈.≈.≈≈≈≈≈)≈ ♣♣≈≈.≈≈..≈≈.≈≈≈§). ♣...≈≈.≈≈.≈≈≈.≈†≈≈
♣.♣♣≈≈.≈§....≈≈≈≈≈ ♣.♣♣§≈≈≈§.♣≈≈.≈≈≈. ♣♣.♣♣≈≈≈...≈≈..♣♣♣. ♣..♣♣§≈♣.♣♣♣♣♣♣♣ ♣♣
♣@♣♣♣≈≈.♣ ♣>.♣♣♣.♣♣ ♣♣.≈.≈≈♣ ♣.≈≈.♣♣ ♣♣≈≈≈♣ ♣♣.♣♣ .♣♣ ♣. ♣. Turn 7869 on
Swamp:2: really? ♣♣≈≈.≈≈..≈≈.≈≈≈§).. ♣...≈≈.≈≈.≈≈≈.≈†≈≈≈ ♣.♣♣≈≈.≈§....≈≈≈≈≈≈
♣.♣♣§≈≈≈§.♣≈≈.≈≈≈.♣ ♣♣.♣♣≈≈≈...≈≈..♣♣♣.. ♣..♣♣§≈♣.♣♣♣♣♣♣♣ ♣♣♣ ♣>♣♣♣≈≈.♣ ♣
♣>.♣♣♣.♣♣ ♣♣@≈.≈≈♣ ♣.≈§.♣♣ ♣♣≈≈≈♣ ♣♣.♣♣ .♣♣ ♣. ♣. ♣♣ Turn 7871 on Swamp:2: harm
doing work huh

Levels and vault maps discovered:
D:1:      matt_arrival_los_fun, layout_loops_ring, minmay_split_cup_large
D:2:      minmay_recursive_quarters, layout_loops_ring,
          ebering_ecumenical_altar_box, basic_altar, uniq_sigmund
D:3:      layout_basic, gup_sewer_entry_pipe, item_on_display_a
D:4:      layout_rooms, amcnicky_altar_gilded, minmay_temple_entry_ruins,
          nicolae_ossuary_entry_false_entrances, wad_orctagon, uniq_eustachio,
          uniq_robin, uniq_grinder
D:5:      layout_loops_ring, nicolae_overflow_crystal_walls, minivault_23
D:6:      layout_loops_ring, mainiacjoe_overflow_brackets
D:7:      layout_cave_pods, makhleb_blood_cavern_becter, enter_bailey_4,
          doesnt_shop_hydraphobe
D:8:      layout_cave_pods, uniq_joseph, uniq_pikel
D:9:      layout_rooms, lemuel_mausoleum_altar_yredelemnul,
          nicolae_ru_great_annihilating_truth, mainiacjoe_overflow_catwalk,
          serial_shops, nicolae_shop_stone
D:10:     layout_basic, trog_ov_bears_minmay, old_standard_altar,
          grunt_gozag_statues, nicolae_wu_jian_glorious_leap,
          nemelex_spade_bored_becter, uniq_fannar
D:11:     layout_cave_pods, orc_0_dummy, special_room [special_room_kobold],
          serial_shops, kennysheep_mini, nicolae_stop_n_shop_1,
          nicolae_diamond_shop, shop_scrolls, minmay_misc_feat_x
D:12:     minmay_wavy_crystal, layout_basic
D:13:     layout_loops_ring, lightli_vaults_fourway_checkpoint, uniq_nessos,
          uniq_snorg
D:14:     layout_long_grid, enter_trove_5, grunt_dithmenos_smoke, uniq_josephine
Temple:   jpeg_temple_alley_garden
Lair:1:   layout_cave_pods
Lair:2:   layout_hall_layers
Lair:3:   layout_loops_ring, minmay_swamp_entry_worms, spider_nest_entry_rubble,
          gammafunk_ghost_hydra_chop, lemuel_fruit_tree
Lair:4:   layout_cave_shapes, cheibrodos_lair_reptile_den, lemuel_fruit_fields
Lair:5:   layout_loops_ring, nicolae_slime_entry_slimehenge,
          chequers_serial_rivers_micro_a, grunt_forest_large_clearings
Swamp:1:  nicolae_swamp_standing_stones, layout_basic_swamp,
          infiniplex_staircase_pool
Swamp:2:  layout_falls_marsh, nicolae_swamp_fairy_circle
Swamp:3:  layout_basic_swamp, nicolae_swamp_some_circles
Swamp:4:  swamp_vile, layout_basic_swamp, swamp_pool3, hangedman_swamp_pad
Orc:1:    layout_caves, uniq_nergalle, uniq_erolcha
Orc:2:    st_orc_congregation, layout_diamond_mine

Skill      XL: |  1  2  3  4  5  6  7  8  9 10 11 12 13 14 15 |
---------------+----------------------------------------------+-----
Fighting       | 3 4 5 6 7 9 10 11 | 11.0
Axes           | 4 5 6 8 9 10 11 12 13 | 13.8
Throwing       | 3 4 8 9 10 | 10.0
Dodging        | 4 5 7 8 |  8.7
Invocations    | 2 4 5 6 8 9 |  9.6
Evocations     | 7 8 |  8.0
Armour         | 6 8 |  8.7
Shields        | 4 5 |  5.0
Transmutations | 2 4 |  4.9
Earth Magic    | 2 4 |  4.8

Action                   |  1- 3 |  4- 6 |  7- 9 | 10-12 | 13-15 || total
-------------------------+-------+-------+-------+-------+-------++-------
Melee: War axe           |   108 |   250 |    95 |       |       ||   453
       Punch             |       |     4 |     2 |     4 |       ||    10
       Broad axe         |       |       |    49 |   294 |   557 ||   900
Throw: Javelin           |     1 |     1 |     2 |     1 |     3 ||     8
       Throwing net      |     2 |     2 |       |       |       ||     4
       Boomerang         |       |       |    31 |    32 |   152 ||   215
Invok: Heroism           |       |       |     5 |    18 |    18 ||    41
       Finesse           |       |       |       |       |     5 ||     5
Evoke: Wand              |       |    11 |     1 |       |       ||    12
  Use: Scroll            |     2 |       |     5 |    17 |    10 ||    34
       Potion            |       |     2 |     2 |     6 |     1 ||    11
 Stab: Held in net/web   |       |     1 |       |       |       ||     1
       Invisible         |       |       |       |     2 |       ||     2
       Sleeping          |       |       |       |     2 |       ||     2
       Petrified         |       |       |       |       |     2 ||     2
Armor: Leather armour    |    40 |    75 |    38 |       |       ||   153
       Ring mail         |       |       |       |    53 |       ||    53
       Acid dragon scale |       |       |       |    55 |       ||    55
       Storm dragon scal |       |       |       |    10 |   318 ||   328
Dodge: Dodged            |    70 |   207 |   136 |   294 |   265 ||   972
Block: Buckler           |       |       |       |     1 |   158 ||   159

Table legend: (Time is in decaauts)
 A = Elapsed time spent in this place.
 B = Non-inter-level travel time spent in this place.
 C = Inter-level travel time spent in this place.
 D = Time resting spent in this place.
 E = Time spent auto-exploring this place.
 F = Levels seen in this place.
 G = Mean time per level.
                   A        B        C        D        E       F      G
               +--------+--------+--------+--------+--------+-----+--------+
         Total |   8827 |   7894 |    933 |     30 |      0 |  29 |  304.4 |
       Dungeon |   4725 |   4157 |    568 |     25 |      0 |  14 |  337.5 |
        Temple |     59 |     31 |     28 |      0 |      0 |   1 |   59.0 |
          Lair |   1037 |    853 |    184 |      0 |      0 |   5 |  207.4 |
         Swamp |   1310 |   1274 |     36 |      5 |      0 |   4 |  327.5 |
  Orcish Mines |    876 |    760 |    116 |      0 |      0 |   2 |  438.0 |
         Sewer |    113 |    113 |      0 |      0 |      0 |   1 |  113.0 |
       Ossuary |    411 |    411 |      0 |      0 |      0 |   1 |  411.0 |
        Bailey |    293 |    293 |      0 |      0 |      0 |   1 |  293.0 |
               +--------+--------+--------+--------+--------+-----+--------+

Top non-repeatable levels by time:
    D:11: 790 daAuts
   Orc:2: 748 daAuts
     D:3: 545 daAuts
     D:7: 535 daAuts
     D:4: 487 daAuts
 Swamp:4: 480 daAuts
 Ossuary: 411 daAuts
     D:5: 408 daAuts
  Lair:2: 364 daAuts
  Lair:3: 354 daAuts
     D:2: 351 daAuts
 Swamp:1: 340 daAuts
  Bailey: 293 daAuts
 Swamp:2: 293 daAuts
    D:10: 291 daAuts
